Map: Jagannatha LE

Players

DPGCure (Cure)

  • Race: Terran Terran
  • League: Master

DPGZest (Zest) - Winner!

  • Race: Protoss Protoss

Event: TSL 7

VOD

Have the link to the VOD?

Description

Time

  • Played on: June 27, 2021, 10:26 a.m.
  • Length: 10:56

All games in this series

Show
View Real Time Build Order
Export as new Build Order

DPGCure Terran 

Build Orders:  

Get SALT Encoding   

  12  0:00  SCV  
  13  0:12  SCV  
  14  0:16  Supply Depot  
  14  0:24  SCV  
  15  0:38  SCV  
  15  0:39  Barracks  
  15  0:42  Refinery  
  16  0:50  SCV  
  16  0:52  Refinery  
  17  1:02  SCV  
  18  1:06  Supply Depot  
  18  1:14  SCV  
  19  1:26  Reaper  
  19  1:28  Orbital Command  
  20  1:43  Factory  
  20  1:53  SCV  
  21  1:58  Reaper  
  22  2:05  SCV  
  23  2:18  SCV  
  24  2:28  Command Center  
  24  2:30  SCV  
  24  2:34  Hellion  
  24  2:36  Reaper  
  28  2:42  Supply Depot  
  28  2:45  SCV  
  29  2:56  Hellion  
  31  3:01  Starport  
  31  3:03  SCV  
  32  3:13  Barracks Reactor  
  32  3:16  SCV  
  32  3:17  Widow Mine  
  35  3:24  Refinery  
  35  3:28  SCV  
  36  3:39  Medivac  
  36  3:40  Widow Mine, SCV  
  41  3:46  Orbital Command  
  41  3:51  Marine  
  41  3:52  SCV, Marine  
  44  4:01  Widow Mine  
  43  4:04  SCV  
  43  4:09  Marine  
  42  4:10  Marine  
  42  4:16  SCV x2  
  46  4:19  Viking  
  46  4:22  Factory Tech Lab  
  48  4:27  Marine x2  
  48  4:28  SCV x2  
  52  4:33  Supply Depot  
  52  4:40  SCV x2  
  52  4:44  Supply Depot  
  54  4:54  SCV, Marine x2, Siege Tank  
  60  5:00  Supply Depot  
  60  5:05  Liberator  
  60  5:06  SCV x2, Supply Depot  
  65  5:12  Marine x2  
  67  5:18  SCV x2  
  67  5:21  Supply Depot  
  69  5:26  Siege Tank  
  72  5:29  Marine x2  
  72  5:30  SCV x2  
  76  5:40  Barracks  
  76  5:41  Barracks  
  76  5:42  SCV  
  77  5:43  SCV  
  77  5:47  Marine x2  
  77  5:48  Viking  
  81  5:52  Supply Depot  
  81  5:57  SCV x2  
  81  5:59  Siege Tank  
  86  6:04  Engineering Bay  
  86  6:07  Marine x2  
  88  6:11  SCV  
  88  6:12  SCV  
  88  6:23  SCV  
  88  6:24  SCV  
  88  6:25  Marine x2  
  95  6:26  Supply Depot  
  95  6:31  Barracks Tech Lab x2  
  90  6:36  SCV x2, Siege Tank  
  95  6:45  Marine  
  95  6:46  Marine  
  97  6:47  Starport Reactor  
  97  6:51  Terran Infantry Weapons Level 1  
  97  6:52  Barracks x2  
  97  6:53  Stimpack  
  91  6:59  Marine x2  
  93  7:03  Marine x2, Combat Shield  
  95  7:15  Missile Turret  
  97  7:16  Siege Tank  
  97  7:20  Marine x2, Supply Depot  
  97  7:21  Marine, Supply Depot  
  101  7:23  Medivac  
  101  7:26  Medivac  
  105  7:33  Marine  
  106  7:38  Marauder, Marine  
  106  7:39  Marine  
  106  7:41  Marine x2  
  112  7:47  Supply Depot  
  112  7:48  Supply Depot, Siege Tank  
  112  7:50  Marine, Supply Depot  
  116  7:55  Marine  
  116  7:57  Marine, Missile Turret  
  118  7:59  Marine x2  
  118  8:00  Medivac  
  118  8:02  Marine  
  123  8:08  Marine  
  123  8:09  Medivac  
  126  8:13  Marine  
  126  8:14  Marine  
  126  8:17  Marine x2  
  130  8:20  Marine  
  130  8:23  Siege Tank  
  130  8:26  Marine  
  135  8:31  Marine  
  132  8:35  Marine x2  
  132  8:42  Orbital Command  
  112  8:57  Marine x4  
  112  9:01  Marine  
  86  9:13  Marine  
  86  9:14  Marine  
  86  9:16  Marine  
  73  9:21  Marine  
  73  9:24  Marine  
  74  9:28  Marine  
  74  9:38  Siege Tank  
  74  9:39  Marine x3  
  69  9:46  Marine x3  
  72  9:56  Marine x2  
  72  9:57  Marine  
  69  10:03  Marine  
  69  10:04  Marine x2  
  59  10:14  Marine x3  
  59  10:15  Siege Tank  
  59  10:18  Medivac  
  59  10:19  Medivac  
  69  10:21  Marine x2  
  69  10:22  Marine  
  69  10:27  SCV x2  
Show
View Real Time Build Order
Export as new Build Order

DPGZest Protoss - Winner!

Build Orders: 1 Gate Expand, Oracle Opening, Phoenix Opening, Zealot Archon 

Get SALT Encoding   

  12  0:00  Probe  
  13  0:12  Probe  
  14  0:17  Pylon  
  14  0:24  Probe (Chrono Boost)  
  15  0:36  Probe (Chrono Boost)  
  15  0:37  Gateway  
  16  0:44  Probe (Chrono Boost)  
  16  0:46  Assimilator  
  17  0:51  Probe  
  18  1:03  Probe  
  19  1:15  Probe  
  20  1:24  Cybernetics Core  
  20  1:35  Nexus  
  20  1:39  Probe  
  21  1:47  Pylon  
  21  1:51  Probe  
  22  1:54  Assimilator  
  22  2:04  Probe, Adept (Chrono Boost)  
  25  2:15  Stargate  
  25  2:17  Probe  
  25  2:29  Probe, Warp Gate  
  26  2:31  Adept (Chrono Boost)  
  28  2:41  Probe  
  29  2:47  Gateway  
  29  2:48  Probe  
  31  3:00  Probe, Adept (Chrono Boost)  
  31  3:01  Oracle (Chrono Boost)  
  36  3:06  Probe  
  36  3:12  Probe  
  38  3:16  Pylon  
  38  3:19  Probe  
  39  3:24  Probe  
  40  3:28  Oracle (Chrono Boost)  
  40  3:31  Probe  
  44  3:36  Probe  
  45  3:41  Pylon  
  45  3:43  Probe  
  45  3:48  Probe  
  47  3:55  Probe  
  48  3:58  Phoenix (Chrono Boost)  
  48  4:01  Probe  
  51  4:07  Probe  
  51  4:09  Pylon  
  52  4:13  Probe  
  53  4:18  Phoenix (Chrono Boost)  
  53  4:21  Pylon  
  53  4:23  Assimilator  
  56  4:24  Probe  
  56  4:25  Probe  
  57  4:36  Probe  
  57  4:37  Phoenix (Chrono Boost)  
  60  4:41  Nexus  
  60  4:43  Pylon  
  60  4:47  Adept x2  
  60  4:51  Assimilator  
  64  4:53  Pylon  
  64  4:55  Phoenix (Chrono Boost)  
  66  5:01  Probe, Pylon  
  66  5:02  Probe  
  68  5:12  Phoenix  
  70  5:16  Gateway  
  70  5:17  Gateway  
  70  5:19  Sentry  
  72  5:22  Zealot  
  72  5:25  Probe x2  
  76  5:32  Twilight Council  
  76  5:38  Phoenix  
  76  5:39  Shield Battery  
  76  5:42  Probe x2  
  80  5:47  Forge  
  80  5:54  Probe  
  80  5:55  Probe  
  82  5:58  Probe  
  82  6:02  Shield Battery  
  83  6:06  Probe  
  83  6:07  Charge (Chrono Boost)  
  81  6:17  Templar Archives  
  81  6:19  Gateway  
  81  6:20  Gateway  
  81  6:22  Gateway  
  81  6:28  Gateway  
  81  6:32  Zealot x4  
  87  6:53  High Templar  
  87  6:54  High Templar, Zealot x2  
  89  6:59  Archon  
  93  7:02  Probe x3  
  93  7:06  Protoss Ground Weapons Level 1 (Chrono Boost), Pylon  
  96  7:09  Shield Battery  
  96  7:14  Probe x2  
  98  7:15  Probe  
  98  7:17  Pylon  
  99  7:24  Pylon  
  99  7:26  Probe  
  99  7:28  High Templar x2, Zealot x3  
  110  7:30  Probe  
  110  7:31  Probe  
  110  7:33  Pylon  
  110  7:34  Archon  
  110  7:38  Probe  
  110  7:40  Zealot x3  
  110  7:43  Probe x2  
  119  7:47  Phoenix (Chrono Boost)  
  119  7:50  Probe  
  119  7:51  Pylon  
  122  7:55  Probe  
  122  7:58  Photon Cannon  
  123  7:59  Shield Battery  
  123  8:01  High Templar x2, Zealot x2  
  131  8:06  Archon  
  131  8:08  Gateway  
  131  8:11  Phoenix (Chrono Boost)  
  133  8:20  Zealot x4  
  133  8:21  Pylon  
  133  8:24  Pylon  
  141  8:37  Zealot x4  
  145  8:47  Zealot x4  
  138  8:58  Zealot  
  138  8:59  Zealot x3  
  104  9:02  Zealot  
  104  9:09  Zealot x4  
  104  9:17  Phoenix (Chrono Boost)  
  82  9:21  Zealot x3  
  82  9:24  Zealot  
  92  9:27  Gateway  
  92  9:29  Gateway, High Templar x4  
  100  9:35  Archon x2, Phoenix (Chrono Boost)  
  100  9:45  Zealot x3  
  90  9:46  Zealot  
  86  10:03  Zealot x3  
  86  10:10  Zealot x5  
  92  10:16  Phoenix (Chrono Boost)  
  94  10:23  Zealot x5  
  104  10:35  Zealot x5  
Tags
 
Add a new tag
Caveats
  • Supply blocks, unpowered buildings, or Contaminate may cause inaccurate times.
  • Supply counts are checked every 10 seconds.